IL
SYRACUSE CHIEFS @ TOLEDO MUD HENS
08/31/1982
 
TOP OF THE 1ST
Syracuse Chiefs batting - Pitching for Toledo Mud Hens : RHP Marty Hulse
Pitching: RHP Marty Hulse
Batting: LHB Darryl Strawberry 0-0: Ball
1-0: Foul Ball, location: 2F
1-1: Called Strike
1-2: Strikes out swinging
Batting: RHB Phil Garner 0-0: Ball
1-0: Ball
2-0: Ball
3-0: Called Strike
3-1: Foul Ball, location: 2F
3-2: Ground out 6-3 (Groundball, P, EV 90.6 MPH)
Batting: RHB Hubie Brooks 0-0: Fly out, F7 (Flyball, 7S, EV 81.9 MPH)
Top of the 1st over - 0 runs, 0 hits, 0 errors, 0 left on base; Syracuse 0 - Toledo 0
BOTTOM OF THE 1ST
Toledo Mud Hens batting - Pitching for Syracuse Chiefs : RHP Ron Romanick
Pitching: RHP Ron Romanick
Batting: LHB George LaCoe 0-0: Called Strike
0-1: Foul Ball, location: 2F
0-2: Ball
1-2: Ball
2-2: Foul Ball, location: 2F
2-2: Strikes out swinging
Batting: LHB Ron Diggle 0-0: Ball
1-0: Called Strike
1-1: Ball
2-1: Foul Ball, location: 2F
2-2: Ground out 5-3 (Groundball, 56S, EV 75.0 MPH)
Batting: SHB Ken Henderson 0-0: Ball
1-0: Fly out, F8 (Flyball, 89M, EV 86.3 MPH)
Bottom of the 1st over - 0 runs, 0 hits, 0 errors, 0 left on base; Syracuse 0 - Toledo 0
TOP OF THE 2ND
Syracuse Chiefs batting - Pitching for Toledo Mud Hens : RHP Marty Hulse
Batting: RHB Dave Meier 0-0: Ball
1-0: Ground out 6-3 (Groundball, 6, EV 90.0 MPH)
Batting: RHB Bobby Grich 0-0: Ball
1-0: Ground out 6-3 (Groundball, 56, EV 106.3 MPH)
Batting: LHB Paul O'Neill 0-0: Ball
1-0: Fly out, F7 (Flyball, 78XD, EV 94.4 MPH)
Top of the 2nd over - 0 runs, 0 hits, 0 errors, 0 left on base; Syracuse 0 - Toledo 0
BOTTOM OF THE 2ND
Toledo Mud Hens batting - Pitching for Syracuse Chiefs : RHP Ron Romanick
Batting: RHB Gorman Thomas 0-0: Ball
1-0: Swinging Strike
1-1: Foul Ball, location: 2F
1-2: Ball
2-2: Strikes out looking
Batting: RHB Milt Jefferson 0-0: Ball
1-0: Ball
2-0: Foul Ball, location: 2F
2-1: Ground out 6-3 (Groundball, 6, EV 80.6 MPH)
Batting: RHB Don Lyle 0-0: Swinging Strike
0-1: Foul Ball, location: 2F
0-2: Ball
1-2: Ball
2-2: Foul Ball, location: 2F
2-2: Ball
3-2: Base on Balls
Batting: LHB Rich Coggins 0-0: Fly out, F3 (Popup, 3S, EV 69.4 MPH)
Bottom of the 2nd over - 0 runs, 0 hits, 0 errors, 1 left on base; Syracuse 0 - Toledo 0
TOP OF THE 3RD
Syracuse Chiefs batting - Pitching for Toledo Mud Hens : RHP Marty Hulse
Batting: RHB LaRue Washington 0-0: Ball
1-0: Called Strike
1-1: Called Strike
1-2: Foul Ball, location: 2F
1-2: Fly out, F8 (Flyball, 8RD, EV 78.1 MPH)
Batting: LHB Jon Jimenez 0-0: Ball
1-0: Ball
2-0: Called Strike
2-1: Ball
3-1: Called Strike
3-2: Foul Ball, location: 2F
3-2: SINGLE (Groundball, 6S, EV 71.3 MPH) (infield hit)
Batting: SHB Al Pardo 0-0: Called Strike
0-1: Ball
1-1: Ball
2-1: Swinging Strike
2-2: Grounds into double play, 6-4-3 (Groundball, 6, EV 84.4 MPH)
Top of the 3rd over - 0 runs, 1 hit, 0 errors, 0 left on base; Syracuse 0 - Toledo 0
BOTTOM OF THE 3RD
Toledo Mud Hens batting - Pitching for Syracuse Chiefs : RHP Ron Romanick
Batting: RHB Dennis Odom 0-0: Ball
1-0: Called Strike
1-1: Ball
2-1: Ball
3-1: Base on Balls
Batting: RHB Larry Patterson 0-0: Ball
1-0: Ball
2-0: Ball
3-0: Base on Balls
Dennis Odom to second
Batting: LHB George LaCoe 0-0: Ball
1-0: Ball
2-0: SINGLE (Groundball, P, EV 91.9 MPH) (infield hit)
Dennis Odom to third
Larry Patterson to second
Batting: LHB Ron Diggle 0-0: Called Strike
0-1: Called Strike
0-2: Ball
1-2: Fielders Choice at 2nd, 6-4 (Groundball, 56, EV 79.4 MPH)
Dennis Odom scores
Larry Patterson to third
Batting: SHB Ken Henderson 0-0: Ball
1-0: Grounds into double play, 6-4-3 (Groundball, 6, EV 97.5 MPH)
Bottom of the 3rd over - 1 run, 1 hit, 0 errors, 1 left on base; Syracuse 0 - Toledo 1
TOP OF THE 4TH
Syracuse Chiefs batting - Pitching for Toledo Mud Hens : RHP Marty Hulse
Batting: LHB Darryl Strawberry 0-0: Fly out, F9 (Line Drive, 9D, EV 90.6 MPH)
Batting: RHB Phil Garner 0-0: Called Strike
0-1: Called Strike
0-2: Ball
1-2: Ball
2-2: Ball
3-2: Foul Ball, location: 2F
3-2: Foul Ball, location: 2F
3-2: Base on Balls
Batting: RHB Hubie Brooks 0-0: Fielders Choice at 2nd, 6-4 (Groundball, 6, EV 88.1 MPH)
Batting: RHB Dave Meier 0-0: Ball
1-0: Ground out U3 (Groundball, 3, EV 89.4 MPH)
Top of the 4th over - 0 runs, 0 hits, 0 errors, 1 left on base; Syracuse 0 - Toledo 1
BOTTOM OF THE 4TH
Toledo Mud Hens batting - Pitching for Syracuse Chiefs : RHP Ron Romanick
Batting: RHB Gorman Thomas 0-0: Ball
1-0: Ball
2-0: Swinging Strike
2-1: Reached on error, E4 (Groundball, 4S, EV 79.4 MPH)
Batting: RHB Milt Jefferson 0-0: Ball
1-0: Called Strike
1-1: Swinging Strike
1-2: Ball
2-2: Ball
3-2: Strikes out swinging
Gorman Thomas is caught stealing 2nd base 2-4
Batter strikes out.
Batting: RHB Don Lyle 0-0: Ball
1-0: Called Strike
1-1: Foul Ball, location: 2F
1-2: Ball
2-2: Strikes out swinging
Bottom of the 4th over - 0 runs, 0 hits, 1 error, 0 left on base; Syracuse 0 - Toledo 1
TOP OF THE 5TH
Syracuse Chiefs batting - Pitching for Toledo Mud Hens : RHP Marty Hulse
Batting: RHB Bobby Grich 0-0: Ball
1-0: Ball
2-0: Ball
3-0: Base on Balls
Batting: LHB Paul O'Neill 0-0: Called Strike
0-1: Called Strike
0-2: Strikes out looking
Batting: RHB LaRue Washington 0-0: Called Strike
0-1: Foul Ball, location: 2F
0-2: Ball
1-2: Foul Ball, location: 2F
1-2: Foul Ball, location: 2F
1-2: Fly out, F8 (Flyball, 8LM, EV 76.3 MPH)
Batting: LHB Jon Jimenez 0-0: Called Strike
0-1: Ball
1-1: Ball
2-1: Foul Ball, location: 2F
2-2: Ball
3-2: Ground out 6-3 (Groundball, 56, EV 107.5 MPH)
Top of the 5th over - 0 runs, 0 hits, 0 errors, 1 left on base; Syracuse 0 - Toledo 1
BOTTOM OF THE 5TH
Toledo Mud Hens batting - Pitching for Syracuse Chiefs : RHP Ron Romanick
Batting: LHB Rich Coggins 0-0: Fly out, F7 (Flyball, 7LM, EV 73.1 MPH)
Batting: RHB Dennis Odom 0-0: Called Strike
0-1: Called Strike
0-2: Ground out 3-1 (Groundball, 34, EV 80.0 MPH)
Batting: RHB Larry Patterson 0-0: Ball
1-0: Ball
2-0: Called Strike
2-1: SINGLE (Groundball, 6MD, EV 99.4 MPH)
Batting: LHB George LaCoe 0-0: Ball
1-0: Ball
2-0: Called Strike
2-1: Ball
3-1: Foul Ball, location: 2F
3-2: SINGLE (Groundball, 6M, EV 84.4 MPH) (infield hit)
Larry Patterson to second
Batting: LHB Ron Diggle 0-0: 3-RUN HOME RUN (Flyball, 9LD, EV 89.4 MPH), Distance : 354 ft
Batting: SHB Ken Henderson 0-0: Ground out 5-3 (Groundball, 5L, EV 85.0 MPH)
Bottom of the 5th over - 3 runs, 3 hits, 0 errors, 0 left on base; Syracuse 0 - Toledo 4
TOP OF THE 6TH
Syracuse Chiefs batting - Pitching for Toledo Mud Hens : RHP Marty Hulse
Batting: SHB Al Pardo 0-0: Ball
1-0: Fly out, F7 (Flyball, 7LS, EV 83.8 MPH)
Batting: LHB Darryl Strawberry 0-0: Foul Ball, location: 2F
0-1: Foul Ball, location: 2F
0-2: Strikes out swinging
Batting: RHB Phil Garner 0-0: Ball
1-0: Foul Ball, location: 2F
1-1: Ball
2-1: Foul Ball, location: 2F
2-2: Fly out, F7 (Flyball, 7D, EV 101.3 MPH)
Top of the 6th over - 0 runs, 0 hits, 0 errors, 0 left on base; Syracuse 0 - Toledo 4
BOTTOM OF THE 6TH
Toledo Mud Hens batting - Pitching for Syracuse Chiefs : RHP Ron Romanick
Batting: RHB Gorman Thomas 0-0: Foul Ball, location: 2F
0-1: Ball
1-1: Called Strike
1-2: Ball
2-2: Fly out, F7 (Flyball, 7S, EV 82.5 MPH)
Batting: RHB Milt Jefferson 0-0: Ball
1-0: Ball
2-0: Foul Ball, location: 2F
2-1: Fly out, F3 (Popup, 34S, EV 79.4 MPH)
Batting: RHB Don Lyle 0-0: Foul Ball, location: 2F
0-1: Ball
1-1: Foul Ball, location: 2F
1-2: Foul Ball, location: 2F
1-2: Foul Ball, location: 2F
1-2: Ball
2-2: Fly out, F8 (Flyball, 8LD, EV 88.1 MPH)
Bottom of the 6th over - 0 runs, 0 hits, 0 errors, 0 left on base; Syracuse 0 - Toledo 4
TOP OF THE 7TH
Syracuse Chiefs batting - Pitching for Toledo Mud Hens : RHP Marty Hulse
Batting: RHB Hubie Brooks 0-0: Called Strike
0-1: Ball
1-1: SINGLE (Line Drive, 8LS, EV 93.1 MPH)
Batting: RHB Dave Meier 0-0: Ball
1-0: Ball
2-0: Foul Ball, location: 2F
2-1: Ball
Wild Pitch!
Hubie Brooks to second
3-1: SINGLE (Line Drive, 4D, EV 96.9 MPH)
Hubie Brooks to third
Batting: RHB Bobby Grich 0-0: Called Strike
0-1: Ball
1-1: Swinging Strike
1-2: Fly out, F3 (Popup, 3SF, EV 70.6 MPH)
Batting: LHB Paul O'Neill 0-0: Called Strike
0-1: Ball
1-1: Ball
2-1: Called Strike
2-2: Foul Ball, location: 2F
2-2: Strikes out swinging
Batting: RHB LaRue Washington 0-0: Ball
1-0: Ground out 2-3 (Groundball, 2L, EV 67.5 MPH)
Top of the 7th over - 0 runs, 2 hits, 0 errors, 2 left on base; Syracuse 0 - Toledo 4
BOTTOM OF THE 7TH
Toledo Mud Hens batting - Pitching for Syracuse Chiefs : RHP Ron Romanick
Batting: LHB Rich Coggins 0-0: Ball
1-0: Called Strike
1-1: Ball
2-1: Foul Ball, location: 2F
2-2: Fly out, F6 (Popup, 6MS, EV 80.6 MPH)
Batting: RHB Dennis Odom 0-0: Foul Ball, location: 2F
0-1: Ball
1-1: Called Strike
1-2: SINGLE (Groundball, 4MD, EV 99.4 MPH)
Batting: RHB Larry Patterson 0-0: Called Strike
0-1: Fly out, F8 (Flyball, 8LD, EV 98.1 MPH)
Batting: LHB George LaCoe 0-0: Called Strike
Dennis Odom steals 2nd base
0-1: Swinging Strike
0-2: Ground out 6-3 (Groundball, 6S, EV 81.3 MPH)
Bottom of the 7th over - 0 runs, 1 hit, 0 errors, 1 left on base; Syracuse 0 - Toledo 4
TOP OF THE 8TH
Syracuse Chiefs batting - Pitching for Toledo Mud Hens : RHP Marty Hulse
Batting: LHB Jon Jimenez 0-0: Ball
1-0: Called Strike
1-1: Called Strike
1-2: Ground out 5-3 (Groundball, 56, EV 93.8 MPH)
Batting: SHB Al Pardo 0-0: Fly out, F8 (Flyball, 8RD, EV 98.8 MPH)
Batting: LHB Darryl Strawberry 0-0: Swinging Strike
0-1: Fly out, F7 (Flyball, 7LS, EV 83.8 MPH)
Top of the 8th over - 0 runs, 0 hits, 0 errors, 0 left on base; Syracuse 0 - Toledo 4
BOTTOM OF THE 8TH
Toledo Mud Hens batting - Pitching for Syracuse Chiefs : RHP Ron Romanick
Batting: LHB Ron Diggle 0-0: DOUBLE (Line Drive, 9LS, EV 103.1 MPH)
Batting: SHB Ken Henderson 0-0: Foul Ball, location: 2F
0-1: Foul Ball, location: 2F
0-2: Foul Ball, location: 2F
0-2: SINGLE (Groundball, 34S, EV 83.1 MPH) (infield hit)
Ron Diggle to third
Batting: RHB Gorman Thomas 0-0: Foul Ball, location: 2F
0-1: Ball
1-1: Foul Ball, location: 2F
1-2: Ball
2-2: Ball
3-2: Base on Balls
Ken Henderson to second
Batting: RHB Milt Jefferson 0-0: Foul Ball, location: 2F
0-1: Foul Ball, location: 2F
0-2: SINGLE (Groundball, 34D, EV 103.8 MPH)
Ron Diggle scores
Ken Henderson to third
Gorman Thomas to second
Runner from 3rd tries for Home, SAFE, throw by RF to home
Pitching: RHP Steve Rogers
Batting: RHB Don Lyle 0-0: Ball
1-0: Swinging Strike
1-1: Ball
2-1: Called Strike
2-2: Fielders Choice at 2nd, 1-4 (Groundball, 15S, EV 65.6 MPH)
Gorman Thomas to third
Batting: LHB Rich Coggins 0-0: Called Strike
0-1: Ball
1-1: Called Strike
1-2: Reached on error, E4 (Groundball, 4, EV 103.8 MPH)
Gorman Thomas scores
Don Lyle to second
Batting: RHB Dennis Odom 0-0: Called Strike
0-1: Ball
1-1: Ball
2-1: Called Strike
2-2: Ground out 6-3 (Groundball, 6S, EV 71.3 MPH)
Don Lyle to third
Rich Coggins to second
Batting: RHB Larry Patterson 0-0: SINGLE (Groundball, 34S, EV 87.5 MPH) (infield hit)
Don Lyle scores
Rich Coggins to third
Pinch Hitting: RHB Al Cowens 0-0: Fly out, F7 (Line Drive, 7, EV 92.5 MPH)
Bottom of the 8th over - 4 runs, 4 hits, 1 error, 2 left on base; Syracuse 0 - Toledo 8
TOP OF THE 9TH
Syracuse Chiefs batting - Pitching for Toledo Mud Hens : RHP Marty Hulse
Now at SS: Al Cowens
Batting: RHB Phil Garner 0-0: Ball
1-0: Called Strike
1-1: DOUBLE (Line Drive, 89D, EV 104.4 MPH)
Batting: RHB Hubie Brooks 0-0: Ball
1-0: Foul Ball, location: 2F
1-1: Called Strike
1-2: Foul Ball, location: 2F
1-2: Ground out 4-3 (Groundball, 4, EV 106.3 MPH)
Phil Garner to third
Batting: RHB Dave Meier 0-0: Ball
1-0: Ball
2-0: Ball
3-0: Base on Balls
Pinch Hitting: SHB Jeff Doyle 0-0: Ball
1-0: Fielders Choice at 2nd, 6-4 (Groundball, 6, EV 80.0 MPH)
Phil Garner scores
Batting: LHB Paul O'Neill 0-0: Foul Ball, location: 2F
0-1: Called Strike
0-2: Fly out, F8 (Line Drive, 8LM, EV 84.4 MPH)
Top of the 9th over - 1 run, 1 hit, 0 errors, 1 left on base; Syracuse 1 - Toledo 8
Thursday, August 27th, 2020 - OOTP Baseball 21.5 Build 76